 Dungeon Crawl Stone Soup version 0.19.1 (webtiles) character file.

80 Lilleppy the Sneak (level 4, -4/23 HPs)
             Began as a Spriggan Assassin on Nov 29, 2016.
             Was an Initiate of Gozag.
             Slain by an ogre
             ... wielding a +0 giant club
              (27 damage)
             ... on level 4 of the Dungeon.
             The game lasted 00:06:06 (1851 turns).

Lilleppy the Sneak (Spriggan Assassin)              Turns: 1851, Time: 00:06:07

Health: -4/23      AC:  3    Str:  7    XL:     4   Next: 18%
Magic:  5/5        EV: 17    Int: 12    God:    Gozag
Gold:   50         SH:  0    Dex: 18    Spells: 0 memorised, 3 levels left

rFire  . . .     SeeInvis +     a - +2 dagger
rCold  . . .     Gourm    .     c - +0 robe
rNeg   . . .     Faith    .     (shield restricted)
rPois  .         Spirit   .     (helmet restricted)
rElec  .         Reflect  .     d - +0 cloak
rCorr  .         Harm     .     (gloves unavailable)
MR     .....                    (boots unavailable)
Stlth  +++++.....               (no amulet)
                                (no ring)
                                j - ring of stealth

@: very quick
A: unfitting armour, see invisible, herbivore 3, speed 3, slow metabolism 2
a: Potion Petition, Call Merchant, Bribe Branch, Renounce Religion


You were on level 4 of the Dungeon.
You worshipped Gozag.
Gozag was noncommittal.
You were not hungry.

You visited 1 branch of the dungeon, and saw 4 of its levels.

You collected 93 gold pieces.
You paid 43 gold pieces to Gozag.

Inventory:

Hand Weapons
 a - a +2 dagger (weapon)
 b - a +0 blowgun
Missiles
 e - 36 poisoned needles
 f - 2 curare-tipped needles
Armour
 c - a +0 robe (worn)
 d - a +0 cloak (worn)
Jewellery
 j - a ring of stealth (left hand)
Scrolls
 h - 2 scrolls of remove curse {unknown}
 i - a scroll of fear {unknown}
 l - a scroll of blinking {unknown}
 m - 2 scrolls of identify {unknown}
 p - a scroll of noise {unknown}
 q - a scroll of enchant armour {unknown}
 r - a scroll of fog {unknown}
 s - a scroll of teleportation {unknown}
 u - a scroll of amnesia {unknown}
Potions
 k - 2 potions of might {unknown}
 n - a potion of ambrosia {unknown}
 o - a potion of degeneration {unknown}
 t - a potion of curing {unknown}
Comestibles
 g - a bread ration


   Skills:
 + Level 1.8 Fighting
 + Level 2.7 Short Blades
 + Level 2.2 Throwing
 + Level 1.9 Dodging
 + Level 7.8 Stealth


You had 3 spell levels left.
You didn't know any spells.

Dungeon Overview and Level Annotations

Branches:
Dungeon (4/15)
 Temple: D:4-7

Altars:
Gozag


Innate Abilities, Weirdness & Mutations

You are very small and have problems with some larger weapons.
You are too small for most types of armour.
You have supernaturally acute eyesight. (SInv)
You are a herbivore.
You cover ground extremely quickly.
You need consume almost no food.


Message History

The giant cockroach misses you.
You closely miss the giant cockroach.
The giant cockroach is severely wounded.
The giant cockroach closely misses you.
You hit the giant cockroach.
You kill the giant cockroach!
You now have 43 gold pieces (gained 4).
t - a golden potion You open the door.
u - a scroll labeled CEPTEI FAMIL
There is an open door here.
Found a stone staircase leading up.
Found 7 gold pieces.
You now have 50 gold pieces (gained 7).
An ogre comes into view. It is wielding a giant club.
The ogre shouts!
You barely miss the ogre. The ogre hits you with a giant club!!
Ouch! That really hurt!
You die...
Your body crumbles into a pile of gold.

.......>.##.....#
#####.##........#
# ######'#.#
##### #.#.#
...###.#.#.##
#####.##......<..
#........##.#.###
####.###.##.#.##
......O@....##
........##..#
........##.....$
........##.#.#..#
........##.#.# ..
###...... .#.# #
#...... .#
#...... ## $


You could see an ogre.

Vanquished Creatures
  2 adders
  3 oozes
  A worm (D:3)
  A dart slug (D:3)
  A leopard gecko (D:1)
  2 giant cockroaches
  4 goblins (D:1)
  4 hobgoblins
  11 kobolds
  A quokka (D:2)
  4 bats
  3 frilled lizards
  6 rats
43 creatures vanquished.

Notes
Turn   | Place    | Note
-------+----------+-------------------------------------------
     0 | D:1      | Lilleppy the Spriggan Assassin began the quest for the Orb.
     0 | D:1      | Reached XP level 1. HP: 10/10 MP: 2/2
    65 | D:1      | Reached skill level 6 in Stealth
   428 | D:1      | Reached XP level 2. HP: 11/14 MP: 3/3
   480 | D:1      | Reached skill level 7 in Stealth
   785 | D:1      | Reached XP level 3. HP: 18/18 MP: 4/4
  1428 | D:3      | Reached XP level 4. HP: 18/23 MP: 5/5
  1599 | D:3      | Found an opulent altar of Gozag.
  1618 | D:3      | Became a worshipper of Gozag Ym Sagoz the Greedy
  1847 | D:4      | Noticed an ogre
  1851 | D:4      | Slain by an ogre

Skill      XL: |  1  2 |
---------------+-------+-----
Stealth        | 6 7 |  7.8
Fighting       | |  1.8
Short Blades   | |  2.7
Throwing       | |  2.2
Dodging        | |  1.9

Action                   |  1- 3 |  4- 6 || total
-------------------------+-------+-------++-------
Melee: Dagger            |    98 |    18 ||   116
 Stab: Distracted        |     1 |       ||     1
       Sleeping          |    12 |     3 ||    15
Armor: Robe              |     8 |     2 ||    10
Dodge: Dodged            |    67 |    10 ||    77
